 Dungeon Crawl Stone Soup version 0.31-a0-237-g2d982f9f85 (webtiles) character file.

Game seed: 10231312829588042080

221 qw the Shooter (level 5, 0/45 HPs)
             Began as a Minotaur Hexslinger on July 11, 2023.
             Slain by Edmund
             ... wielding a +2 flail of protection
              (3 damage)
             ... on level 4 of the Dungeon.
             The game lasted 00:01:02 (2629 turns).

qw the Shooter (Minotaur Hexslinger)                Turns: 2629, Time: 00:01:03

Health: 0/45       AC:  7    Str: 13    XL:     5   Next: 65%
Magic:  5/5        EV: 11    Int: 10    God:
Gold:   152        SH:  0    Dex: 18    Spells: 5/6 levels left

rFire   + . .        Y - +2 sling (drain)
rCold   x . .        (no shield)
rNeg    . . .        b - +0 ring mail
rPois   +            (helmet restricted)
rElec   .            (no cloak)
rCorr   .            c - +1 pair of gloves "Qaaruel" {rC- Dex+4}
SInv    .            (no boots)
Will    .....        (no amulet)
Stlth   +            j - ring of poison resistance
HPRegen 0.27/turn    d - ring of protection from fire
MPRegen 0.09/turn

%: no passive effects
@: no status effects
A: horns 2, retaliatory headbutt
a: no special abilities


You were on level 4 of the Dungeon.
You visited 1 branch of the dungeon, and saw 5 of its levels.

You collected 152 gold pieces.


Innate Abilities, Weirdness & Mutations

You have a pair of horns on your head.
You reflexively headbutt those who attack you in melee.


   Skills:
 - Level 3.1 Fighting
 + Level 5.8 Ranged Weapons
 - Level 1.0 Armour
 - Level 2.1 Dodging
 - Level 1.0 Spellcasting
 - Level 2.0 Hexes


You had 5 spell levels left.
You knew the following spells:

 Your Spells              Type           Power      Damage    Failure   Level
a - Slow                  Hex            16%        N/A       32%         1

Your spell library contained the following spells:

 Spells                   Type           Power      Damage    Failure   Level
 Inner Flame              Hex/Fire       2%         N/A       82%         3
 Portal Projectile        Hex/Tloc       4%         N/A       82%         3
 Cause Fear               Hex            2%         N/A       97%         4

Inventory:

Hand Weapons
 Y - a +2 sling of draining (weapon)
Armour
 b - a +0 ring mail (worn)
 c - the +1 pair of gloves "Qaaruel" (worn) {rC- Dex+4}
   (You found it on level 3 of the Dungeon)

   Dex:       It affects your dexterity (+4).
   rC:        It makes you vulnerable to cold.
Jewellery
 d - a ring of protection from fire (right hand)
 j - a ring of poison resistance (left hand)
Wands
 f - a wand of digging (5)
Scrolls
 a - a scroll of identify
 g - a scroll of enchant armour
Potions
 e - a potion of ambrosia {unknown}
 i - a potion of magic {unknown}
 k - a potion of might
 l - 2 potions of curing

Dungeon Overview and Level Annotations

Branches:
Dungeon (5/15)
 Temple: D:4-7

Altars:
Kikubaaqudgha
Nemelex Xobeh
The Shining One

Shops:
D:3 (   D:4 (   D:5 ?

Annotations:
D:4 Edmund
D:5 Sigmund


Message History

The gnoll barely misses you. Edmund completely misses you.
The gnoll closely misses you.
In your confused state, you trip and fall back down the stairs.
You feel less confused.
The howler monkey hits you but does no damage.
The gnoll barely misses you. The gnoll misses you.
Edmund hits you but does no damage.
The gnoll hits you with a +2 flail of protection.
The howler monkey barely misses you.
2627 ||| STAIRDANCE The gnoll hits you from afar with a +0 spear.
The gnoll barely misses you.
The gnoll sergeant hits you from afar with a +0 spear.
The gnoll hits you with a +2 flail of protection!
Edmund hits you with a +2 flail of protection.
Sigmund hits you from afar with a +0 scythe.
The howler monkey hoots and howls with incredible vigour!
You hear a shout!
You hear a bark!
You climb upwards.
There is a stone staircase leading down here.
Enter note:
Enter note:
Enter note:
Enter note:
Enter note:
Enter note:
Enter note:
Enter note:
Enter note:
Enter note:
Enter note:
Enter note: You shoot a sling bullet.
The sling bullet hits Edmund but does no damage.
You drain Edmund.
Edmund is lightly wounded.
The howler monkey hits you.
The gnoll hits you with a +2 flail of protection!
Edmund hits you with a +2 flail of protection.
You die...

.###...###...# #................#
##......####.####...###.......?.#
....###....#..# #...# #.........#
..######......###...# #..........
####...####........## ##########.
##..._...###...###.# #........
...#..........)....# #.#######
#.#####.#.#..##'####### #.#....#
#.### #.#.#.#..g@@....# #....#.#
#...###.#.#.#...h.....#####..#.#
###..##.#.#.#.........##.....#.#
####...%#.#.#....<....##.###.#.#
.......####.#.........##...#.#.#
.......##...#.........####.#.#.#
.......######.........####(#.#.#
.......# #.................\#
.......# ###)####......#.####


You could see Edmund (resistant, very drained), a howler monkey (catching
breath) and a gnoll.

Vanquished Creatures
  A scorpion (D:4)
  A jelly (D:4)
  Ijyb (D:3)
  3 adders (D:4)
  A gnoll (D:1)
  An ufetubus (D:4)
  A worm (D:2)
  An orc (D:4)
  6 endoplasms
  3 giant cockroaches (D:4)
  8 goblins
  3 hobgoblins
  2 jackals (D:1)
  3 quokkas
  6 ball pythons
  2 bats
  2 frilled lizards
  4 kobolds
  12 rats
61 creatures vanquished.

Notes
Turn   | Place    | Note
-------+----------+-------------------------------------------
     0 | D:1      | qw the Minotaur Hexslinger began the quest for the Orb.
     0 | D:1      | Reached XP level 1. HP: 16/16 MP: 1/1
     0 | D:1      | 0 ||| qw: Version: 0.3-a-52-g30416fa
     0 | D:1      | 0 ||| qw: Game counter: 5399
     0 | D:1      | 0 ||| qw: Melee chars always use a shield: true
     0 | D:1      | 0 ||| qw: God list: Okawaru
     0 | D:1      | 0 ||| qw: Allow faded altars: false
     0 | D:1      | 0 ||| qw: Do Orc after clearing Dungeon:15 true
     0 | D:1      | 0 ||| qw: Do second Lair branch before Depths: true
     0 | D:1      | 0 ||| qw: Lair rune preference: random
     0 | D:1      | 0 ||| qw: Goals: Normal
     0 | D:1      | 0 ||| PLANNING D:1-11
    59 | D:1      | Reached skill level 3 in Ranged Weapons
    59 | D:1      | Reached XP level 2. HP: 23/23 MP: 2/2
   136 | D:1      | Found a faded altar of an unknown god.
   444 | D:1      | You fall into a shaft and drop 1 floor!
   612 | D:2      | Reached XP level 3. HP: 29/29 MP: 3/3
   643 | D:2      | 643 ||| DROPPING ring of wizardry.
   644 | D:2      | 644 ||| UPGRADING to ring of poison resistance.
   645 | D:2      | 645 ||| READING 2 scrolls labelled GYFURUO TUITUPT.
   646 | D:2      | 646 ||| READING scroll labelled HOEPICSUESE.
   647 | D:2      | 647 ||| READING scroll labelled CAT QUPRAU.
   648 | D:2      | 648 ||| READING scroll labelled POATSI CISH.
   649 | D:2      | 649 ||| DRINKING 2 murky white potions.
   650 | D:2      | 650 ||| DROPPING scroll of poison.
  1022 | D:1      | 1022 ||| READING scroll labelled TEUTEG HYSYAMM.
  1023 | D:1      | 1023 ||| READING scroll labelled BASENW XIORCH.
  1024 | D:1      | 1024 ||| READING scroll labelled VEG WORIMYR.
  1073 | D:2      | Found a glowing golden altar of the Shining One.
  1233 | D:2      | Reached skill level 4 in Ranged Weapons
  1284 | D:2      | 1284 ||| UPGRADING to +0 ring mail.
  1294 | D:2      | 1294 ||| DROPPING +0 robe.
  1295 | D:2      | 1295 ||| READING scroll labelled WAPUEQ ANGAI.
  1296 | D:2      | 1296 ||| DRINKING 2 smoky cyan potions.
  1297 | D:2      | 1297 ||| READING 3 scrolls of identify.
  1297 | D:2      | 1297 ||| IDENTIFYING lumpy puce potion
  1298 | D:2      | 1298 ||| READING 2 scrolls of identify.
  1298 | D:2      | 1298 ||| IDENTIFYING murky puce potion
  1299 | D:2      | 1299 ||| DROPPING potion of degeneration.
  1300 | D:2      | 1300 ||| DROPPING potion of brilliance.
  1429 | D:3      | Identified the +1 pair of gloves "Qaaruel" {rC- Dex+4}
  1513 | D:3      | Identified the +3 mace of the Gloaming {heavy, rPois rN+
                  | Int-3 Dex+3}
  1615 | D:3      | Reached skill level 1 in Armour
  1688 | D:3      | Noticed Ijyb
  1690 | D:3      | 1690 ||| FLEEEEING.
  1691 | D:3      | 1691 ||| FLEEEEING.
  1693 | D:3      | 1693 ||| FLEEEEING.
  1704 | D:3      | 1704 ||| FLEEEEING.
  1705 | D:3      | 1705 ||| FLEEEEING.
  1738 | D:3      | Killed Ijyb
  1739 | D:3      | Reached XP level 4. HP: 36/36 MP: 4/4
  1763 | D:3      | Found Rupecs's Antique Weapon Emporium.
  1768 | D:3      | 1768 ||| SHOPLISTING runed orcbow (156 gold, have 108).
  1956 | D:3      | 1956 ||| UPGRADING to +1 pair of gloves "Qaaruel" {rC-
                  | Dex+4}.
  1961 | D:3      | 1961 ||| UPGRADING to ring of protection from fire.
  2177 | D:4      | Reached skill level 5 in Ranged Weapons
  2181 | D:4      | Reached XP level 5. HP: 44/44 MP: 5/5
  2202 | D:4      | Found an ancient bone altar of Kikubaaqudgha.
  2239 | D:4      | Found a sparkling altar of Nemelex Xobeh.
  2251 | D:4      | Reached skill level 3 in Fighting
  2348 | D:4      | Found Faleob's Antique Weapon Shop.
  2618 | D:5      | Entered Level 5 of the Dungeon
  2618 | D:5      | Noticed Edmund
  2618 | D:5      | Found Ycvef's Magic Scroll Shoppe.
  2619 | D:5      | Noticed Sigmund
  2621 | D:5      | 2621 ||| STAIRDANCE
  2623 | D:5      | 2623 ||| STAIRDANCE
  2625 | D:5      | 2625 ||| STAIRDANCE
  2627 | D:5      | 2627 ||| STAIRDANCE
  2627 | D:5      | Noticed a phantom
  2629 | D:4      | HP: 11/45 [howler monkey (3)]
  2629 | D:4      | HP: 3/45 [gnoll/+2 flail of protection[a gnoll sergeant]
                  | (8)]
  2629 | D:4      | Slain by Edmund

Levels and vault maps discovered:
D:1:      dpeg_arrival_round_b, layout_basic,
          hellmonk_ecumenical_altar_inner_sanctum
D:2:      layout_rooms, basic_altar
D:3:      layout_loops_ring, serial_shops, nicolae_shop_crystal, uniq_ijyb
D:4:      layout_basic, mainiacjoe_overflow_catch_the_wave, serial_shops, shop
D:5:      layout_rooms, serial_shops, shop_coins, uniq_sigmund, uniq_edmund,
          uniq_eustachio, uniq_crazy_yiuf_cottage

Skill      XL: |  1  2  3  4  5 |
---------------+----------------+-----
Ranged Weapons | 3 4 5 |  5.8
Fighting       | 2 3 |  3.1
Armour         | 1 |  1.0
Dodging        | |  2.1
Spellcasting   | |  1.0
Hexes          | |  2.0

Action                     |  1- 3 |  4- 6 || total
---------------------------+-------+-------++-------
   Fire: Sling             |   136 |    58 ||   194
    Use: Scroll            |    10 |       ||    10
         Potion            |     2 |       ||     2
 Armour: Robe              |     4 |       ||     4
         Skin              |    15 |       ||    15
         Ring mail         |       |    12 ||    12
  Dodge: Dodged            |    33 |    13 ||    46

Table legend:
 A = Non-vault XP
 B = Vault XP
 C = Vault XP percentage of total XP
 D = Non-vault monster count
 E = Vault monster count
 F = Vault count percentage of total count
                 A         B        C        D         E       F
            +---------+---------+-------+---------+---------+-------
      Total |     280 |      36 |  11.4 |      60 |       1 |   1.6
            +---------+---------+-------+---------+---------+-------
        D:1 |      39 |       0 |   0.0 |      18 |       0 |   0.0
        D:2 |      23 |       0 |   0.0 |      14 |       0 |   0.0
        D:3 |      19 |      36 |  65.5 |      11 |       1 |   8.3
        D:4 |     199 |       0 |   0.0 |      17 |       0 |   0.0
            +---------+---------+-------+---------+---------+-------
